 Dungeon Crawl Stone Soup version 0.30-a0-1066-g63dfefce0d (webtiles) character file.

Game seed: 2827867554321696839

21275 BubbleThief the Warrior (level 12, -1/133 HPs)
             Began as a Naga Cinder Acolyte on Apr 12, 2023.
             Was an Elder of Ignis.
             Slain by a four-headed hydra (10 damage)
             ... on level 1 of the Lair of Beasts.
             The game lasted 00:25:28 (15181 turns).

BubbleThief the Warrior (Naga Cinder Acolyte)      Turns: 15181, Time: 00:25:29

Health: -1/133     AC: 19    Str: 27    XL:     12   Next: 88%
Magic:  13/13      EV:  9    Int: 16    God:    Ignis [****..]
Gold:   580        SH:  5    Dex:  6    Spells: 11/13 levels left

rFire   + + .      SeeInvis +    k - +7 mace of the Teaching Sybil {flame, rElec}
rCold   . . .      Faith    .    (no shield)
rNeg    . . .      Spirit   .    C - +2 robe {Will+}
rPois   +          Reflect  +    (no helmet)
rElec   +          Rampage  .    r - +1 cloak
rCorr   .                        B - +2 pair of gloves
Will    ++...                    (no barding)
Stlth   +                        j - amulet of reflection
HPRegen 0.42/turn                a - ring of protection from fire
MPRegen 0.13/turn                e - +6 ring of strength

@: fiery-armoured, hasted, studying Shields, quick
A: AC +4, large, see invisible, deformed body, poison resistance, slowness 2,
spit poison 1, naga tail 1
a: Spit Poison, Renounce Religion, Fiery Armour, Foxfire Swarm, Rising Flame


You were on level 1 of the Lair of Beasts.
You worshipped Ignis.
Ignis was greatly pleased with you.
You visited 2 branches of the dungeon, and saw 12 of its levels.
You also visited: Ossuary and Bailey.

You collected 1004 gold pieces.
You spent 424 gold pieces at shops.

Inventory:

Hand Weapons
 k - the +7 mace of the Teaching Sybil (weapon) {flame, rElec}
   (You found it on level 2 of the Dungeon)

   rElec:     It insulates you from electricity.
Armour
 r - a +1 cloak (worn)
 B - a +2 pair of gloves (worn)
 C - a +2 robe of willpower (worn)
Jewellery
 a - a ring of protection from fire (left hand)
 e - a +6 ring of strength (right hand)
 j - an amulet of reflection (around neck)
Wands
 b - a wand of paralysis (3)
 c - a wand of polymorph (15)
 o - a wand of acid (9)
 q - a wand of flame (33)
 x - a wand of iceblast (5)
Scrolls
 g - 2 scrolls of identify
 i - 3 scrolls of enchant armour
 l - 3 scrolls of amnesia
 m - 3 scrolls of magic mapping
 p - a scroll of torment {unknown}
 t - a scroll of acquirement {unknown}
 w - 4 scrolls of teleportation {unknown}
 y - 3 scrolls of enchant weapon
 D - a scroll of blinking
Potions
 d - a potion of flight
 f - a potion of ambrosia
 s - 2 potions of haste
 u - 2 potions of cancellation
 v - 2 potions of attraction
 z - a potion of brilliance
 A - a potion of berserk rage


   Skills:
 + Level 16.1 Fighting
 - Level 14.0 Maces & Flails
 - Level 1.0 Spellcasting
 - Level 3.0 Fire Magic


You had 11 spell levels left.
You knew the following spells:

 Your Spells              Type           Power      Damage    Failure   Level
a - Scorch                Fire           20%        2d5       10%         2

Your spell library contained the following spells:

 Spells                   Type           Power      Damage    Failure   Level
 Apportation              Tloc           0%         N/A       22%         1
 Necrotise                Necr           0%         1d4       22%         1
 Summon Small Mammal      Summ           0%         N/A       22%         1
 Blink                    Tloc           0%         N/A       34%         2
 Ensorcelled Hibernation  Hex/Ice        0%         N/A       34%         2
 Passwall                 Tmut/Erth      0%         N/A       34%         2
 Swiftness                Air            0%         N/A       56%         3
 Anguish                  Hex/Necr       0%         N/A       92%         4
 Animate Armour           Summ/Erth      0%         N/A       92%         4
 Manifold Assault         Tloc           0%         N/A       92%         4
 Passage of Golubria      Tloc           0%         N/A       92%         4
 Blade Hands              Tmut           0%         N/A       99%         5
 Iskenderun's Battlesphe  Conj           0%         2d6       99%         5
 Silence                  Hex/Air        0%         N/A       99%         5
 Iron Shot                Conj/Erth      0%         9d1       100%        6
 Enfeeble                 Hex            0%         N/A       100%        7
 Spellforged Servitor     Conj/Summ      0%         N/A       100%        7
 Storm Form               Tmut/Air       0%         N/A       100%        7
 Lehudib's Crystal Spear  Conj/Erth      0%         10d2      100%        8


Dungeon Overview and Level Annotations

Branches:
Dungeon (11/15)            Temple (0/1) D:4            Lair (1/5) D:11
    Orc (0/2) D:9         Ossuary (visited)          Bailey (visited)

Altars:
Hepliaklqana
Kikubaaqudgha
Makhleb
Nemelex Xobeh
Okawaru
Ru
Trog
Xom
Yredelemnul

Shops:
D:1 =   D:5 *   D:10 [

Portals:
Trove: D:10 (give +8 demon whip)

Annotations:
D:3 2 transporters, BlueFish's ghost, amateur OpAr


Innate Abilities, Weirdness & Mutations

Your serpentine skin is tough. (AC +4)
You have supernaturally acute eyesight. (SInv)
Armour fits poorly on your strangely shaped body.
Your system is resistant to poisons. (rPois)
You cover ground very slowly.
You can spit poison.
You have a snake-like lower body.


Message History

The black mamba bites you but does no damage.
The black mamba is burned by your cloak of flames.
The black mamba is moderately wounded.
Unknown command.
You closely miss the black mamba.
The black mamba is moderately wounded.
The black mamba bites you.
* * * LOW HITPOINT WARNING * * *
You completely miss the black mamba.
The black mamba is moderately wounded.
The black mamba bites you but does no damage.
The black mamba is burned by your cloak of flames.
The black mamba is moderately wounded.
You closely miss the black mamba.
The black mamba is moderately wounded.
You completely miss the black mamba.
The black mamba is moderately wounded.
You block the black mamba's attack.
You sock the black mamba! You burn the black mamba.
The black mamba is heavily wounded.
The black mamba bites you but does no damage.
The black mamba is burned by your cloak of flames.
The black mamba is severely wounded.
You sock the black mamba! You burn the black mamba.
You kill the black mamba!
You sock the four-headed hydra! You burn the four-headed hydra.
The four-headed hydra is lightly wounded.
You thump the four-headed hydra! You burn the four-headed hydra.
The four-headed hydra is moderately wounded.
A cane toad comes into view.
The four-headed hydra bites you but does no damage.
The four-headed hydra is burned by your cloak of flames.
The four-headed hydra is moderately wounded.
The four-headed hydra bites you!
* * * LOW HITPOINT WARNING * * *
The four-headed hydra is burned by your cloak of flames.
The four-headed hydra is heavily wounded.
You block the four-headed hydra's attack.
The four-headed hydra bites you!
You die...

#### ##~~♣## ##~~≈~~###
#~~~≈~♣P~# #♣P~~~~♣# #~~...P~#
##...@.## #....D†# ######
#....Y.#### ### ###
#####.##.###.##.#†##P###.####.###
.........†...........Y...........
................................#
........................Y.......#
...................F............#
.........P####.########.........#


You could see a four-headed hydra, an elephant and a cane toad (wandering).

Vanquished Creatures
  Erica (D:8)
  A two-headed ogre (D:9)
  A boulder beetle (Lair:1)
  Nergalle (Lair:1)
  An orc knight (Bailey)
  3 elephants (Lair:1)
  A black mamba (Lair:1)
  3 cane toads
  A komodo dragon (D:11)
  A tengu conjurer (D:11)
  A kobold demonologist (D:9)
  A polar bear (Lair:1)
  2 hornets
  A hornet (shapeshifter) (D:11)
  9 blink frogs (Lair:1)
  A shadow (D:11)
  2 basilisks
  8 wyverns
  33 yaks
  2 wraiths (D:11)
  2 steam dragons
  A vampire mosquito (D:9)
  3 acid dragons
  A water moccasin (D:9)
  Duvessa (D:4)
  2 ice beasts
  14 orc warriors
  A sky beast (D:7)
  4 black bears
  4 wolves (Lair:1)
  3 ogres
  5 centaurs
  2 elf zombies (Ossuary)
  2 kobold brigands
  7 bullfrogs
  4 scorpions
  A wight (D:9)
  Dowan (D:4)
  5 killer bees
  3 electric eels (D:8)
  2 centaur zombies (Ossuary)
  3 hounds
  7 orc priests
  Crazy Yiuf (D:3)
  2 sleepcaps (D:5)
  2 gnoll boudas (D:5)
  An iguana (D:4)
  13 orc wizards
  2 mummies (Ossuary)
  14 gnolls
  7 adders
  A shadow imp (D:4)
  A white imp (D:7)
  3 worms (D:2)
  5 dart slugs
  43 orcs
  7 ball pythons
  20 bats
  4 endoplasms
  4 giant cockroaches
  14 goblins
  5 hobgoblins
  7 jackals (D:3)
  3 quokkas
  A frilled lizard (D:2)
  A goblin zombie (Ossuary)
  10 hobgoblin zombies (Ossuary)
  A jackal zombie (Ossuary)
  16 kobolds
  8 kobold zombies (Ossuary)
  9 orc zombies (Ossuary)
  5 rats
  4 rat zombies (Ossuary)
  A spectral orc (D:5)
  A butterfly (D:4)
368 creatures vanquished.

Vanquished Creatures (others)
  10 fungi
  9 plants
19 creatures vanquished.

Grand Total: 387 creatures vanquished

Notes
Turn   | Place    | Note
-------+----------+-------------------------------------------
     0 | D:1      | BubbleThief the Naga Cinder Acolyte began the quest for the
                  | Orb.
     0 | D:1      | Reached XP level 1. HP: 21/21 MP: 2/2
     1 | D:1      | Found a hazy altar of Hepliaklqana.
   157 | D:1      | Found Gecris's Jewellery Emporium.
   351 | D:1      | Reached XP level 2. HP: 26/28 MP: 3/3
   372 | D:1      | Learned a level 2 spell: Scorch
   412 | D:1      | Found a faded altar of an unknown god.
  1070 | D:2      | Reached XP level 3. HP: 34/34 MP: 1/4
  1070 | D:2      | Identified the +7 mace of the Teaching Sybil {flame, rElec}
  1543 | D:2      | Reached XP level 4. HP: 42/42 MP: 2/5
  1840 | D:3      | Noticed BlueFish's ghost (amateur OpAr)
  1840 | D:3      | Found a transporter.
  1840 | D:3      | Found a transporter.
  2055 | D:3      | Found a runed translucent door.
  2056 | D:3      | Noticed Crazy Yiuf
  2321 | D:3      | Reached skill level 5 in Maces & Flails
  2422 | D:3      | Found a sacrificial altar of Ru.
  2423 | D:3      | Found an ancient bone altar of Kikubaaqudgha.
  2526 | D:3      | Reached XP level 5. HP: 48/49 MP: 3/6
  3087 | D:3      | Killed Crazy Yiuf
  3287 | D:4      | Noticed Dowan
  3287 | D:4      | Noticed Duvessa
  3304 | D:4      | Killed Duvessa
  3305 | D:4      | Reached XP level 6. HP: 10/56 MP: 1/7
  3311 | D:4      | HP: 1/56 [Dowan/stone arrow (12)]
  3314 | D:4      | Killed Dowan
  3586 | D:4      | Found a staircase to the Ecumenical Temple.
  3633 | D:4      | Reached XP level 7. HP: 60/62 MP: 8/8
  3803 | D:4      | Reached skill level 4 in Fighting
  3848 | D:4      | Found a shimmering altar of Xom.
  4509 | D:5      | Entered Level 5 of the Dungeon
  4779 | D:5      | Reached XP level 8. HP: 68/73 MP: 4/9
  4826 | D:5      | Found Mibihoedd's Gadget Gallery.
  5001 | D:5      | Reached skill level 5 in Fighting
  5412 | D:5      | Found a sparkling altar of Nemelex Xobeh.
  5585 | D:5      | Found a basalt altar of Yredelemnul.
  5778 | D:6      | Reached skill level 10 in Maces & Flails
  5826 | D:6      | Found a burning altar of Makhleb.
  5919 | D:6      | Reached skill level 6 in Fighting
  6147 | D:6      | Reached XP level 9. HP: 65/82 MP: 10/10
  6535 | D:7      | Found a sand-covered staircase.
  6540 | Ossuary  | Entered an ossuary
  7023 | D:7      | Reached skill level 7 in Fighting
  7642 | D:8      | Reached XP level 10. HP: 58/96 MP: 11/11
  7889 | D:8      | Noticed Erica
  7901 | D:8      | Killed Erica
  7902 | D:8      | Reached skill level 8 in Fighting
  8825 | D:9      | Found a flagged portal.
  8843 | Bailey   | Entered a bailey
  9499 | Bailey   | Reached skill level 9 in Fighting
 10055 | Bailey   | Noticed an orc knight
 10076 | Bailey   | Killed an orc knight
 10077 | Bailey   | Reached XP level 11. HP: 84/106 MP: 5/12
 10099 | Bailey   | Identified the +3 executioner's axe "Etisoq" {flame, Will+
                  | rCorr Str-3 SInv}
 10279 | D:9      | Reached skill level 10 in Fighting
 10827 | D:9      | Found an iron altar of Okawaru.
 10927 | D:9      | Found a staircase to the Orcish Mines.
 11246 | D:9      | Noticed a two-headed ogre
 11254 | D:9      | Killed a two-headed ogre
 11255 | D:9      | Reached skill level 11 in Fighting
 11373 | D:10     | Entered Level 10 of the Dungeon
 11448 | D:10     | Found a bloodstained altar of Trog.
 11616 | D:10     | Paralysed by a hornet for 1 turns
 12168 | D:10     | Reached skill level 12 in Fighting
 12201 | D:10     | Found Denleit's Antique Armour Shop.
 12242 | D:10     | Bought a fading scarf for 310 gold pieces
 12242 | D:10     | Identified the scarf of Sloth {+Inv, Contam Rampage rF-
                  | Dex+7} (You bought it in a shop on level 10 of the Dungeon)
 12243 | D:10     | Bought a runed robe for 114 gold pieces
 12341 | D:10     | You fall into a shaft and drop 1 floor!
 12906 | D:11     | Found a staircase to the Lair.
 13162 | D:11     | Reached skill level 13 in Fighting
 13407 | D:11     | Reached XP level 12. HP: 106/126 MP: 11/13
 13629 | D:10     | Found a portal to a secret trove of treasure.
 14276 | Lair:1   | Entered Level 1 of the Lair of Beasts
 14287 | Lair:1   | Reached skill level 14 in Fighting
 14565 | Lair:1   | Noticed a boulder beetle
 14600 | Lair:1   | Killed a boulder beetle
 14779 | Lair:1   | Reached skill level 15 in Fighting
 14790 | Lair:1   | Noticed Nergalle
 14809 | Lair:1   | Killed Nergalle
 15131 | Lair:1   | Noticed a four-headed hydra
 15157 | Lair:1   | HP: 1/133 [elephant (7)]
 15163 | Lair:1   | Reached skill level 16 in Fighting
 15181 | Lair:1   | Slain by a four-headed hydra

Illustrated notes

Levels and vault maps discovered:
D:1:      sevenhm_arrival_forest_fort_small_6, layout_loops_corners,
          ebering_ecumenical_altar_hall, serial_shops, nicolae_shop_waterfront,
          minmay_misc_feat_square
D:2:      layout_loops_cross
D:3:      layout_basic, nicolae_overflow_hidden_temple, gammafunk_ghost_arena,
          uniq_crazy_yiuf_cottage
D:4:      layout_loops_corners, xom_teletrap_fun,
          minmay_temple_entry_butterflies, uniq_duvessa
D:5:      old_forge, layout_basic, nemelex_altar_shiori,
          yredelemnul_forgotten_temple_becter, hangedman_abyss_or_decor_passed,
          nicolae_shop_gadgets
D:6:      layout_loops_cross, lemuel_coloured_pillars_altar
D:7:      layout_cave_pools, lightli_ossuary_entry_decrepit_ruins
D:8:      minmay_flawed_box, layout_basic, chequers_mini_garden,
          chequers_garden, hangedman_decor_riveting, serial_bayou_lake_a,
          uniq_erica
D:9:      minmay_s_stair_smasher, layout_irregular_city,
          okawaru_metal_pillars_1_2, enter_bailey_3
D:10:     layout_loops_ring, mainiacjoe_overflow_alcove_4, enter_trove_6,
          serial_shops, nicolae_shop_crystal
D:11:     layout_irregular_city, erik_lair_dragon, serial_column_ruins,
          column_ruins_grid_5, column_ruins_hut_ruined, column_ruins_grid_3,
          column_ruins_grid_1, column_ruins_columns_straight,
          column_ruins_corridor_straight, column_ruins_open_small,
          column_ruins_columns_straight
Lair:1:   layout_chaotic_city, hangedman_lair_generics_rect, grunt_megastairs_2,
          serial_bayou_shore_b, infiniplex_staircase_pool_2, uniq_nergalle

Skill      XL: |  1  2  3  4  5  6  7  8  9 10 11 12 |
---------------+-------------------------------------+-----
Maces & Flails | 4 5 6 7 8 10 12 14 | 14.0
Fighting       | 4 6 7 9 13 16 | 16.1
Spellcasting   | |  1.0
Fire Magic     | |  3.0

Action                     |  1- 3 |  4- 6 |  7- 9 | 10-12 || total
---------------------------+-------+-------+-------+-------++-------
  Melee: Mace              |    62 |    76 |   292 |   489 ||   919
         Punch             |     1 |       |     2 |     9 ||    12
   Cast: Scorch            |     5 |    10 |    21 |    71 ||   107
 Invoke: Fiery Armour      |       |       |       |     3 ||     3
Ability: Spit Poison       |     5 |    13 |    19 |    27 ||    64
  Evoke: Wand              |       |     1 |       |       ||     1
    Use: Scroll            |       |     6 |     9 |     4 ||    19
         Potion            |       |       |       |     4 ||     4
 Armour: Robe              |    10 |    10 |    95 |   180 ||   295
  Dodge: Dodged            |    24 |    28 |   107 |   192 ||   351
  Block: Other             |     8 |    27 |    59 |   101 ||   195
         Reflection        |     1 |     3 |     2 |    16 ||    22

Table legend: (Time is in decaauts)
 A = Elapsed time spent in this place.
 B = Non-inter-level travel time spent in this place.
 C = Inter-level travel time spent in this place.
 D = Time resting spent in this place.
 E = Time spent auto-exploring this place.
 F = Levels seen in this place.
 G = Mean time per level.
                   A        B        C        D        E       F      G
               +--------+--------+--------+--------+--------+-----+--------+
         Total |  18222 |  17562 |    660 |   2244 |  12813 |  14 | 1301.6 |
       Dungeon |  15814 |  15155 |    659 |   1406 |  11896 |  11 | 1437.6 |
          Lair |    689 |    689 |      0 |      6 |    447 |   1 |  689.0 |
       Ossuary |    368 |    368 |      0 |      0 |    224 |   1 |  368.0 |
        Bailey |   1349 |   1349 |      0 |    832 |    245 |   1 | 1349.0 |
               +--------+--------+--------+--------+--------+-----+--------+

Top non-repeatable levels by time:
    D:11: 2219 daAuts
     D:4: 1742 daAuts
     D:9: 1721 daAuts
     D:3: 1711 daAuts
     D:8: 1578 daAuts
    D:10: 1419 daAuts
  Bailey: 1349 daAuts
     D:5: 1343 daAuts
     D:1: 1321 daAuts
     D:2: 1091 daAuts
     D:6: 1082 daAuts
  Lair:1: 689 daAuts
     D:7: 580 daAuts
 Ossuary: 368 daAuts
